 Dungeon Crawl Stone Soup version 0.28.0-49-g6dfe1f597d (webtiles) character file.

Game seed: 6338833022158025558

226 Zeld the Changer (level 6, -1/38 HPs)
             Began as an Octopode Transmuter on May 15, 2022.
             Succumbed to a scorpion's poison
             ... on level 4 of the Dungeon.
             The game lasted 00:03:01 (4944 turns).

Zeld the Changer (Octopode Transmuter)              Turns: 4944, Time: 00:03:02

Health: -1/38      AC:  1    Str: 11    XL:     6   Next: 1%
Magic:  6/10       EV: 13    Int: 16    God:
Gold:   162        SH:  0    Dex: 12    Spells: 1/11 levels left

rFire   . . .      SeeInvis .     - Unarmed
rCold   . . .      Faith    .   (no shield)
rNeg    . . .      Spirit   .   (helmet restricted)
rPois   .          Reflect  .   (no amulet)
rElec   .          Harm     .   (no ring)
rCorr   .          Rampage  .   (no ring)
Will    .....                   (no ring)
Stlth   +++.......              (no ring)
HPRegen 0.12/turn               (no ring)
MPRegen 0.12/turn               (no ring)
                                (no ring)
                                (no ring)

@: lethally poisoned (-1 -> -23)
A: almost no armour, amphibious, 8 rings, camouflage 1, gelatinous body 1,
(nimble swimmer 1), tentacles
a: no special abilities


You were on level 4 of the Dungeon.
You visited 1 branch of the dungeon, and saw 4 of its levels.

You collected 162 gold pieces.

Inventory:

Wands
 i - a wand of polymorph (12)
 j - a wand of iceblast (10)
Scrolls
 b - 2 scrolls of teleportation {unknown}
 f - a scroll of fog {unknown}
Potions
 a - a potion of magic {unknown}
 c - 2 potions of lignification {unknown}
 d - 3 potions of invisibility {unknown}
 e - a potion of haste {unknown}
 g - a potion of mutation {unknown}
 h - a potion of might {unknown}


   Skills:
 - Level 1.0 Fighting
 - Level 2.0 Dodging
 + Level 3.0 Stealth
 - Level 3.0 Unarmed Combat
 * Level 3.3 Spellcasting
 * Level 3.6 Transmutations
 + Level 1.8 Ice Magic
 - Level 2.0 Poison Magic


You had one spell level left.
You knew the following spells:

 Your Spells              Type           Power      Damage    Failure   Level
a - Beastly Appendage     Tmut           28%        N/A       4%          1
b - Wereblood             Tmut           14%        N/A       6%          2
c - Spider Form           Tmut/Pois      11%        N/A       17%         3
d - Ice Form              Ice/Tmut       11%        N/A       52%         4

Your spell library contained the following spells:

 Spells                   Type           Power      Damage    Failure   Level
 Foxfire                  Conj/Fire      8%         2x1d4     19%         1
 Magic Dart               Conj           8%         1d3       19%         1
 Slow                     Hex            8%         N/A       19%         1
 Summon Small Mammal      Summ           8%         N/A       19%         1
 Conjure Flame            Conj/Fire      2%         6-21      50%         3
 Inner Flame              Hex/Fire       2%         N/A       50%         3
 Flame Wave               Conj/Fire      2%         2d4       88%         4


Dungeon Overview and Level Annotations

Branches:
Dungeon (4/15)
 Temple: D:4-7

Altars:
Nemelex Xobeh
Vehumet

Annotations:
D:3 1 runed translucent door, Crazy Yiuf


Innate Abilities, Weirdness & Mutations

You cannot wear most types of armour.
You are amphibious.
You can wear up to eight rings at the same time.
Your skin changes colour to match your surroundings (Stealth+).
Your rubbery body absorbs attacks. (AC +1, EV +1)
((You are camouflaged when in or above water. (Stealth+)))
You have tentacles for arms and can constrict up to eight enemies at once.


Message History

Your transformation has ended.
You now have 162 gold pieces (gained 10).
You pick up Rasitioh's Wizardry for Beginners and begin reading...
You add the spells Magic Dart, Slow and Summon Small Mammal to your library.
A scorpion comes into view.
A scorpion is nearby!
Okay, then.
Found a stone staircase leading down.
Casting: Spider Form (quite dangerous; 19% risk of failure)
Confirm with . or Enter, or press ? or * to list all spells.
The spell is quite dangerous to miscast (19% risk of failure)!
Continue anyway?
You turn into a venomous arachnid creature.
You hit the scorpion but do no damage.
The scorpion is poisoned.
The scorpion stings you.
You are poisoned.
The scorpion poisons you!
You hit the scorpion but do no damage.
The scorpion looks as sick as possible!
The scorpion is lightly wounded.
You feel very sick. The scorpion closely misses you.
You barely miss the scorpion.
The scorpion is moderately wounded.
You feel very sick. The scorpion stings you!
You are lethally poisoned!
The scorpion poisons you! The scorpion closely misses you.
You barely miss the scorpion.
The scorpion is almost dead.
You feel very sick. The scorpion barely misses you.
You are too injured to fight recklessly!
* * * LOW HITPOINT WARNING * * *
You feel very sick.
You kill the scorpion!
Training target 2.0 for Poison Magic reached!
Your Stealth skill increases to level 3!
Your Poison Magic skill increases to level 2!
You have reached level 6!
Your transformation has ended.
You die...

######### #........
#####.......
##...........
##########..##...##.>
.......#...##...@.##
..........##.......#
..........##....†..#
..........#.........#
.........##.........#
.........#####.......#
.........# ####....#
........## ....#
.......## #...#


There were no monsters in sight!

Vanquished Creatures
  A scorpion (D:4)
  A jelly (D:4)
  5 adders
  An adder zombie (D:3)
  3 worms (D:2)
  A dart slug (D:2)
  8 orcs
  4 ball pythons
  9 endoplasms
  A giant cockroach (D:3)
  7 hobgoblins
  A jackal (D:3)
  2 quokkas
  2 bats
  3 frilled lizards
  10 goblins
  7 kobolds
  6 rats
72 creatures vanquished.

Notes
Turn   | Place    | Note
-------+----------+-------------------------------------------
     0 | D:1      | Zeld the Octopode Transmuter began the quest for the Orb.
     0 | D:1      | Reached XP level 1. HP: 13/13 MP: 3/3
   442 | D:1      | Reached XP level 2. HP: 18/18 MP: 3/5
  1016 | D:1      | Learned a level 2 spell: Wereblood
  1219 | D:1      | Reached XP level 3. HP: 21/23 MP: 6/6
  1223 | D:1      | Learned a level 3 spell: Spider Form
  1326 | D:1      | Reached skill level 1 in Stealth
  1478 | D:2      | Reached skill level 1 in Poison Magic
  2145 | D:2      | Reached skill level 1 in Ice Magic
  2452 | D:2      | Reached XP level 4. HP: 28/28 MP: 6/8
  2823 | D:2      | Found a sparkling altar of Nemelex Xobeh.
  3330 | D:3      | Found a radiant altar of Vehumet.
  3530 | D:3      | You fall into a shaft and drop 1 floor!
  3980 | D:3      | Reached XP level 5. HP: 29/33 MP: 7/9
  3988 | D:3      | Learned a level 4 spell: Ice Form
  4286 | D:3      | Found a runed translucent door.
  4287 | D:3      | Noticed Crazy Yiuf
  4925 | D:4      | Got Rasitioh's Wizardry for Beginners
  4944 | D:4      | Reached XP level 6. HP: 4/38 MP: 6/10
  4944 | D:4      | Succumbed to a scorpion's poison

Illustrated notes

Levels and vault maps discovered:
D:1:      eino_arrival_druids_welcome, layout_loops_ring
D:2:      layout_basic, basic_altar
D:3:      layout_basic, vehumet_crystals, minmay_fractal_squares_gapless_5,
          uniq_crazy_yiuf_cottage
D:4:      kennysheep_spiral_hall, layout_rooms, dk_noncrumbling_2

Skill      XL: |  1  2  3  4  5 |
---------------+----------------+-----
Stealth        | 1 2 3 |  3.0
Poison Magic   | 1 2 |  2.0
Ice Magic      | 1 |  1.8
Transmutations | 3 |  3.6
Spellcasting   | 3 |  3.3
Fighting       | |  1.0
Dodging        | |  2.0
Unarmed Combat | |  3.0

Action                   |  1- 3 |  4- 6 || total
-------------------------+-------+-------++-------
Melee: Unarmed           |    69 |    76 ||   145
       Tentacles         |    14 |    11 ||    25
       Kick              |    19 |    20 ||    39
       Constrict         |    15 |    19 ||    34
       Punch             |     1 |     2 ||     3
 Cast: Beastly Appendage |    26 |    20 ||    46
       Spider Form       |       |     2 ||     2
 Abil: End Transformatio |       |     1 ||     1
 Stab: Sleeping          |     7 |     4 ||    11
Armor: Skin              |     3 |     9 ||    12
Dodge: Dodged            |    27 |    77 ||   104
